NCAA
OKLAHOMA STATE COWBOYS @ NORTHWESTERN WILDCATS
05/03/2023
 
TOP OF THE 1ST
Oklahoma State Cowboys batting - Pitching for Northwestern Wildcats : RHP Juan Contreras
Pitching: RHP Juan Contreras
Batting: RHB Mike Johnson 0-0: Ball
1-0: Swinging Strike
1-1: Swinging Strike
1-2: Foul Ball, location: 2F
1-2: Foul Ball, location: 2F
1-2: Foul Ball, location: 2F
1-2: Strikes out looking
Batting: RHB Mark Hart 0-0: Ball
1-0: Ball
2-0: Foul Ball, location: 2F
2-1: Ball
3-1: Foul Ball, location: 2F
3-2: Ground out 2-3 (Groundball, 2L)
Batting: RHB Roberto García 0-0: Called Strike
0-1: Called Strike
0-2: Foul Ball, location: 2F
0-2: Ball
1-2: Foul Ball, location: 2F
1-2: Ball
2-2: Fly out, F5 (Line Drive, 5)
Top of the 1st over - 0 run(s), 0 hit(s), 0 error(s), 0 left on base; Oklahoma State 0 - Northwestern 0
BOTTOM OF THE 1ST
Northwestern Wildcats batting - Pitching for Oklahoma State Cowboys : RHP Víctor Méndez
Pitching: RHP Víctor Méndez
Batting: RHB Pablo Velásquez 0-0: Ground out 5-3 (Groundball, 5S)
Batting: RHB John Miller 0-0: Ball
1-0: SOLO HOME RUN (Flyball, 9D), Distance : 346 ft
Batting: SHB Arnold Maddox 0-0: Ball
1-0: Fly out, F8 (Flyball, 8RM)
Batting: RHB Robbie Davis 0-0: Ground out 1-3 (Groundball, 23)
Bottom of the 1st over - 1 run(s), 1 hit(s), 0 error(s), 0 left on base; Oklahoma State 0 - Northwestern 1
TOP OF THE 2ND
Oklahoma State Cowboys batting - Pitching for Northwestern Wildcats : RHP Juan Contreras
Batting: RHB Jack Hollon 0-0: Called Strike
0-1: Called Strike
0-2: Ball
1-2: Reached on error, E6 (Groundball, 6M)
Batting: LHB Kent Fremantle 0-0: Ball
1-0: Swinging Strike
1-1: Foul Ball, location: 2F
1-2: Strikes out looking
Batting: RHB Mark McCullough 0-0: Ball
1-0: Foul Ball, location: 2F
1-1: Foul Ball, location: 2F
1-2: Ball
2-2: Strikes out swinging
Batting: LHB Wayne Pugh 0-0: Ball
1-0: Ball
2-0: Foul Ball, location: 2F
2-1: Ball
Passed Ball!
Jack Hollon to second
3-1: Base on Balls
Batting: RHB Earnest Maldonado 0-0: Called Strike
0-1: Called Strike
0-2: Ball
1-2: Ball
2-2: Ball
3-2: Strikes out swinging
Top of the 2nd over - 0 run(s), 0 hit(s), 1 error(s), 2 left on base; Oklahoma State 0 - Northwestern 1
BOTTOM OF THE 2ND
Northwestern Wildcats batting - Pitching for Oklahoma State Cowboys : RHP Víctor Méndez
Batting: RHB Woody Hall 0-0: Foul Ball, location: 2F
0-1: Ball
1-1: Ball
2-1: Ground out 6-3 (Groundball, 6)
Batting: RHB Truman Younger 0-0: Called Strike
0-1: Swinging Strike
0-2: Ball
1-2: Ball
2-2: Strikes out swinging
Batting: RHB Thomas Brennan 0-0: Called Strike
0-1: Foul Ball, location: 2F
0-2: Strikes out swinging
Bottom of the 2nd over - 0 run(s), 0 hit(s), 0 error(s), 0 left on base; Oklahoma State 0 - Northwestern 1
TOP OF THE 3RD
Oklahoma State Cowboys batting - Pitching for Northwestern Wildcats : RHP Juan Contreras
Batting: SHB Von Smith 0-0: Called Strike
0-1: Called Strike
0-2: Ball
1-2: Strikes out swinging
Batting: RHB Mike Johnson 0-0: Ball
1-0: Called Strike
1-1: Foul Ball, location: 2F
1-2: Ball
2-2: Ground out 4-3 (Groundball, 4)
Batting: RHB Mark Hart 0-0: Swinging Strike
0-1: Called Strike
0-2: Strikes out swinging
Top of the 3rd over - 0 run(s), 0 hit(s), 0 error(s), 0 left on base; Oklahoma State 0 - Northwestern 1
BOTTOM OF THE 3RD
Northwestern Wildcats batting - Pitching for Oklahoma State Cowboys : RHP Víctor Méndez
Batting: RHB Howard Russell 0-0: Ball
1-0: Ground out 4-3 (Groundball, 4M)
Batting: SHB Tim Taylor 0-0: Ball
1-0: Called Strike
1-1: Ball
2-1: Swinging Strike
2-2: Strikes out swinging
Batting: RHB Pablo Velásquez 0-0: Foul Ball, location: 2F
0-1: Foul Ball, location: 2F
0-2: Ball
1-2: Fly out, F3 (Popup, 3F)
Bottom of the 3rd over - 0 run(s), 0 hit(s), 0 error(s), 0 left on base; Oklahoma State 0 - Northwestern 1
TOP OF THE 4TH
Oklahoma State Cowboys batting - Pitching for Northwestern Wildcats : RHP Juan Contreras
Batting: RHB Roberto García 0-0: Foul Ball, location: 2F
0-1: Ball
1-1: Ball
2-1: Ball
3-1: Foul Ball, location: 2F
3-2: Strikes out swinging
Batting: RHB Jack Hollon 0-0: Ball
1-0: Ground out 5-3 (Groundball, 5L)
Batting: LHB Kent Fremantle 0-0: Foul Ball, location: 2F
0-1: Called Strike
0-2: Ball
1-2: Strikes out swinging
Top of the 4th over - 0 run(s), 0 hit(s), 0 error(s), 0 left on base; Oklahoma State 0 - Northwestern 1
BOTTOM OF THE 4TH
Northwestern Wildcats batting - Pitching for Oklahoma State Cowboys : RHP Víctor Méndez
Batting: RHB John Miller 0-0: Ground out 4-3 (Groundball, 34)
Batting: SHB Arnold Maddox 0-0: Foul Ball, location: 2F
0-1: Ball
1-1: Ball
2-1: Fly out, F8 (Flyball, 8LM)
Batting: RHB Robbie Davis 0-0: Ball
1-0: Ball
2-0: Ball
3-0: Base on Balls
Batting: RHB Woody Hall 0-0: Called Strike
0-1: Fly out, F7 (Flyball, 78M)
Bottom of the 4th over - 0 run(s), 0 hit(s), 0 error(s), 1 left on base; Oklahoma State 0 - Northwestern 1
TOP OF THE 5TH
Oklahoma State Cowboys batting - Pitching for Northwestern Wildcats : RHP Juan Contreras
Batting: RHB Mark McCullough 0-0: Called Strike
0-1: Ground out 5-3 (Groundball, 56)
Batting: LHB Wayne Pugh 0-0: Called Strike
0-1: Ball
1-1: Ball
2-1: Foul Ball, location: 2F
2-2: Foul Ball, location: 2F
2-2: Strikes out swinging
Batting: RHB Earnest Maldonado 0-0: SINGLE (Groundball, 4MD)
Batting: SHB Von Smith 0-0: SINGLE (Line Drive, 8LS)
Earnest Maldonado to second
Batting: RHB Mike Johnson 0-0: Ball
1-0: Ball
2-0: Ball
3-0: Called Strike
3-1: Base on Balls
Earnest Maldonado to third
Von Smith to second
Pitching: RHP Júlio Ortíz
Batting: RHB Mark Hart 0-0: Fly out, F9 (Flyball, 9M)
Top of the 5th over - 0 run(s), 2 hit(s), 0 error(s), 3 left on base; Oklahoma State 0 - Northwestern 1
BOTTOM OF THE 5TH
Northwestern Wildcats batting - Pitching for Oklahoma State Cowboys : RHP Víctor Méndez
Batting: RHB Truman Younger 0-0: Ball
1-0: Ball
2-0: Ball
3-0: Base on Balls
Batting: RHB Thomas Brennan 0-0: Ball
1-0: Ball
2-0: Called Strike
2-1: Called Strike
2-2: Ball
3-2: Strikes out looking
Batting: RHB Howard Russell 0-0: Swinging Strike
0-1: Ground out 5-3 (Groundball, 56)
Truman Younger to second
Batting: SHB Tim Taylor 0-0: Called Strike
0-1: SINGLE (Line Drive, 7S)
Truman Younger to third
Runner from 3rd tries for Home, SAFE, no throw or cutoff
Batting: RHB Pablo Velásquez 0-0: Fly out, F9 (Flyball, 89S)
Bottom of the 5th over - 1 run(s), 1 hit(s), 0 error(s), 1 left on base; Oklahoma State 0 - Northwestern 2
TOP OF THE 6TH
Oklahoma State Cowboys batting - Pitching for Northwestern Wildcats : RHP Júlio Ortíz
Batting: RHB Roberto García 0-0: Ball
1-0: Foul Ball, location: 2F
1-1: Swinging Strike
1-2: Ground out 1-3 (Groundball, 15)
Batting: RHB Jack Hollon 0-0: Ball
1-0: Foul Ball, location: 2F
1-1: Ball
2-1: Fly out, F5 (Popup, 5S)
Batting: LHB Kent Fremantle 0-0: Ball
1-0: Called Strike
1-1: Ball
2-1: Called Strike
2-2: Fly out, F8 (Flyball, 8LM)
Top of the 6th over - 0 run(s), 0 hit(s), 0 error(s), 0 left on base; Oklahoma State 0 - Northwestern 2
BOTTOM OF THE 6TH
Northwestern Wildcats batting - Pitching for Oklahoma State Cowboys : RHP Víctor Méndez
Batting: RHB John Miller 0-0: Ball
1-0: Swinging Strike
1-1: Ball
2-1: Foul Ball, location: 2F
2-2: Foul Ball, location: 2F
2-2: Strikes out swinging
Batting: SHB Arnold Maddox 0-0: Ground out U3 (Groundball, 3L)
Batting: RHB Robbie Davis 0-0: Ball
1-0: Ball
2-0: Ball
3-0: Base on Balls
Batting: RHB Woody Hall 0-0: Ball
1-0: Called Strike
1-1: Ball
2-1: Ball
3-1: Base on Balls
Robbie Davis to second
Batting: RHB Truman Younger 0-0: Ball
1-0: Ball
2-0: Ball
3-0: Base on Balls
Robbie Davis to third
Woody Hall to second
Batting: RHB Thomas Brennan 0-0: Fielders Choice at 2nd, 4-6 (Groundball, 4MD)
Bottom of the 6th over - 0 run(s), 0 hit(s), 0 error(s), 2 left on base; Oklahoma State 0 - Northwestern 2
TOP OF THE 7TH
Oklahoma State Cowboys batting - Pitching for Northwestern Wildcats : RHP Júlio Ortíz
Batting: RHB Mark McCullough 0-0: Called Strike
0-1: Ball
1-1: Foul Ball, location: 2F
1-2: Foul Ball, location: 2F
1-2: Strikes out swinging
Batting: LHB Wayne Pugh 0-0: Called Strike
0-1: Foul Ball, location: 2F
0-2: Ball
1-2: Strikes out swinging
Batting: RHB Earnest Maldonado 0-0: Called Strike
0-1: Ball
1-1: Foul Ball, location: 2F
1-2: Ball
2-2: Ball
3-2: Strikes out swinging
Top of the 7th over - 0 run(s), 0 hit(s), 0 error(s), 0 left on base; Oklahoma State 0 - Northwestern 2
BOTTOM OF THE 7TH
Northwestern Wildcats batting - Pitching for Oklahoma State Cowboys : RHP Víctor Méndez
Batting: RHB Howard Russell 0-0: Called Strike
0-1: SINGLE (Groundball, 4MD) (infield hit)
Batting: SHB Tim Taylor 0-0: Ball
1-0: Ball
2-0: Called Strike
2-1: Fly out, F7 (Line Drive, 7M)
Pitching: RHP Chris Blankenship
Batting: RHB Pablo Velásquez 0-0: Ball
1-0: Ball
2-0: Ball
3-0: Called Strike
3-1: Swinging Strike
3-2: Strikes out looking
Batting: RHB John Miller 0-0: Ball
1-0: Ball
Howard Russell steals 2nd base
2-0: Called Strike
2-1: Ball
3-1: SINGLE (Groundball, 4MD)
Howard Russell to third
Runner from 3rd tries for Home, SAFE, no throw or cutoff
Batting: SHB Arnold Maddox 0-0: Ball
1-0: Ball
2-0: Ball
3-0: Called Strike
3-1: Fly out, F7 (Flyball, 7M)
Bottom of the 7th over - 1 run(s), 2 hit(s), 0 error(s), 1 left on base; Oklahoma State 0 - Northwestern 3
TOP OF THE 8TH
Oklahoma State Cowboys batting - Pitching for Northwestern Wildcats : RHP Júlio Ortíz
Pitching: RHP Alfredo García
Now at SS: Scotty Jones
Batting: SHB Von Smith 0-0: Ball
1-0: Ground out U3 (Groundball, 3L)
Batting: RHB Mike Johnson 0-0: Ball
1-0: Foul Ball, location: 2F
1-1: Reached on error, E6 (Groundball, 6)
Pitching: LHP Hubert Williams
Batting: RHB Mark Hart 0-0: Ball
1-0: Foul Ball, location: 2F
Balk!
Mike Johnson to third
1-1: Ground out 6-3 (Groundball, 6M)
Mike Johnson scores
Batting: RHB Roberto García 0-0: Foul Ball, location: 2F
0-1: Swinging Strike
0-2: Foul Ball, location: 2F
0-2: Foul Ball, location: 2F
0-2: Foul Ball, location: 2F
0-2: SOLO HOME RUN (Flyball, 78XD), Distance : 368 ft
Pitching: RHP Daniel Washington
Batting: RHB Jack Hollon 0-0: Ball
1-0: Foul Ball, location: 2F
1-1: Ball
2-1: Ball
3-1: Base on Balls
Pitching: LHP Terry Dukes
Batting: LHB Kent Fremantle 0-0: Ball
1-0: Called Strike
1-1: Called Strike
1-2: Strikes out swinging
Top of the 8th over - 2 run(s), 1 hit(s), 1 error(s), 1 left on base; Oklahoma State 2 - Northwestern 3
BOTTOM OF THE 8TH
Northwestern Wildcats batting - Pitching for Oklahoma State Cowboys : RHP Chris Blankenship
Batting: RHB Robbie Davis 0-0: Called Strike
0-1: Ball
1-1: Ball
2-1: Swinging Strike
2-2: Ground out 5-3 (Groundball, 15S)
Batting: RHB Woody Hall 0-0: Called Strike
0-1: Fly out, F9 (Flyball, 9M)
Batting: RHB Truman Younger 0-0: Foul Ball, location: 2F
0-1: Swinging Strike
0-2: Ball
1-2: Foul Ball, location: 2F
1-2: Strikes out swinging
Bottom of the 8th over - 0 run(s), 0 hit(s), 0 error(s), 0 left on base; Oklahoma State 2 - Northwestern 3
TOP OF THE 9TH
Oklahoma State Cowboys batting - Pitching for Northwestern Wildcats : LHP Terry Dukes
Pitching: RHP Ken Ferguson
Now at 1B: Andrés Ibáñez
Batting: RHB Mark McCullough 0-0: Ball
1-0: Called Strike
1-1: Ball
2-1: SINGLE (Line Drive, 9S)
Pinch Hitting: SHB John Hill 0-0: Sac Bunt - play at first, batter OUT! 1-4
Mark McCullough to second
Batting: RHB Earnest Maldonado 0-0: Called Strike
0-1: Foul Ball, location: 2F
0-2: Foul Ball, location: 2F
0-2: Ball
1-2: Strikes out swinging
Batting: SHB Von Smith 0-0: Ball
1-0: Ball
2-0: Called Strike
2-1: Ball
3-1: SINGLE (Groundball, 4M)
Mark McCullough to third
Runner from 3rd tries for Home, SAFE, no throw or cutoff
Batting: RHB Mike Johnson 0-0: Swinging Strike
0-1: Foul Ball, location: 2F
0-2: Foul Ball, location: 2F
0-2: Ball
Von Smith steals 2nd base
1-2: Strikes out swinging
Top of the 9th over - 1 run(s), 2 hit(s), 0 error(s), 1 left on base; Oklahoma State 3 - Northwestern 3
BOTTOM OF THE 9TH
Northwestern Wildcats batting - Pitching for Oklahoma State Cowboys : RHP Chris Blankenship
Pitching: LHP Zach Blake
Now at C: Earl Conrad
Batting: RHB Thomas Brennan 0-0: Ball
1-0: Ball
2-0: Ball
3-0: Swinging Strike
3-1: Base on Balls
Batting: RHB Howard Russell Pickoff Throw to First - Error! E1
Thomas Brennan to second
0-0: Ball
1-0: Swinging Strike
1-1: Fly out, F8 (Line Drive, 8RM)
Batting: SHB Tim Taylor 0-0: Ball
1-0: DOUBLE (Flyball, 89M)
Thomas Brennan scores
This league is powered by Out of the Park Baseball, the baseball management simulation game for PC, Mac and Linux
Wednesday, December 2nd, 2015 - OOTP Baseball 16.8 Build 38